TOP OF THE 1ST |
Greenport Harbor Whales batting - Pitching for Orlando Magic : LHP Alberto Jaramillo
|
Pitching: LHP Alberto Jaramillo
|
|
Batting: LHB Bobby McGrady
|
0-0: Swinging Strike 0-1: Called Strike 0-2: Strikes out swinging
|
Batting: RHB Javier Botín
|
0-0: Called Strike 0-1: Ground out 6-3 (Groundball, 6S)
|
Batting: LHB Tony Wonder
|
0-0: Ball 1-0: Foul Ball, location: 2F 1-1: Ball 2-1: Ball 3-1: Fly out, F8 (Flyball, 8LM)
|
Top of the 1st over - 0 runs, 0 hits, 0 errors, 0 left on base; Greenport 0 - Orlando 0 |
BOTTOM OF THE 1ST |
Orlando Magic batting - Pitching for Greenport Harbor Whales : LHP Félix Cordero
|
Pitching: LHP Félix Cordero
|
|
Batting: RHB Beco Bnard
|
0-0: Ball 1-0: Ball 2-0: Ground out 5-3 (Groundball, 56)
|
Batting: RHB Ted Norman
|
0-0: Ball 1-0: Called Strike 1-1: Ball 2-1: Foul Ball, location: 2F 2-2: Hit by Pitch
|
Batting: LHB Bradley Kemp
|
0-0: Ball Ted Norman is caught stealing 2nd base 1-0: Ball 2-0: Ground out 4-3 (Groundball, 4)
|
Bottom of the 1st over - 0 runs, 0 hits, 0 errors, 0 left on base; Greenport 0 - Orlando 0 |
TOP OF THE 2ND |
Greenport Harbor Whales batting - Pitching for Orlando Magic : LHP Alberto Jaramillo
|
Batting: RHB Jon Hill
|
0-0: Ball 1-0: Ball 2-0: Called Strike 2-1: Swinging Strike 2-2: Ball 3-2: Base on Balls
|
Batting: RHB Ernesto Rivera
|
0-0: Foul Ball, location: 2F 0-1: Foul Ball, location: 2F 0-2: Ball 1-2: Ball 2-2: SINGLE (Groundball, 34) (infield hit) Jon Hill to second
|
Batting: RHB Jon Walker
|
0-0: Ball 1-0: Swinging Strike 1-1: Foul Ball, location: 2F 1-2: Foul Ball, location: 2F 1-2: SINGLE (Groundball, 56D) Jon Hill to third Ernesto Rivera to second Runner from 3rd tries for Home, SAFE, no throw
|
Batting: SHB Tobias Werner
|
0-0: Ball 1-0: Foul Ball, location: 2F 1-1: Swinging Strike 1-2: Ball 2-2: Ball 3-2: Base on Balls Ernesto Rivera to third Jon Walker to second
|
Batting: LHB Chris Shinners
|
0-0: Ball 1-0: Called Strike 1-1: Called Strike 1-2: Foul Ball, location: 2F 1-2: Strikes out swinging
|
Batting: LHB Josh Wiggins
|
0-0: Ball 1-0: Ball 2-0: Called Strike 2-1: Foul Ball, location: 2F 2-2: Fly out, F7 (Flyball, 78M)
|
Batting: LHB Bobby McGrady
|
0-0: Called Strike 0-1: Foul Ball, location: 2F 0-2: Strikes out swinging
|
Top of the 2nd over - 1 run, 2 hits, 0 errors, 3 left on base; Greenport 1 - Orlando 0 |
BOTTOM OF THE 2ND |
Orlando Magic batting - Pitching for Greenport Harbor Whales : LHP Félix Cordero
|
Batting: RHB Adrián Xirau
|
0-0: Ball 1-0: SOLO HOME RUN (Flyball, 9D), Distance : 357 ft
|
Batting: LHB Abraham Ruenuitz
|
0-0: Foul Ball, location: 2F 0-1: Swinging Strike 0-2: Foul Ball, location: 2F 0-2: Ground out 4-3 (Groundball, 34)
|
Batting: SHB Borisav Aleksic
|
0-0: Called Strike 0-1: Foul Ball, location: 2F 0-2: Ball 1-2: Foul Ball, location: 2F 1-2: SINGLE (Popup, 34D)
|
Batting: RHB Benny Hana
|
0-0: Called Strike 0-1: Swinging Strike 0-2: Ball 1-2: DOUBLE (Line Drive, 7LD) Borisav Aleksic to third
|
Batting: RHB Michael Richardson
|
0-0: Ball 1-0: Foul Ball, location: 2F 1-1: Foul Ball, location: 2F 1-2: Hit by Pitch
|
Batting: RHB Dan Wilkins
|
0-0: Ball 1-0: Ball 2-0: Fly out, F7 (Flyball, 78M) Runner from 3rd tags up, SCORES, throw made
|
Batting: RHB Beco Bnard
|
0-0: Ball 1-0: Called Strike 1-1: SINGLE (Groundball, 4MD) Benny Hana to third Michael Richardson to second Runner from 3rd tries for Home, SAFE, throw made home
|
Batting: RHB Ted Norman
|
0-0: Swinging Strike 0-1: Swinging Strike 0-2: Strikes out swinging
|
Bottom of the 2nd over - 3 runs, 4 hits, 0 errors, 2 left on base; Greenport 1 - Orlando 3 |
TOP OF THE 3RD |
Greenport Harbor Whales batting - Pitching for Orlando Magic : LHP Alberto Jaramillo
|
Batting: RHB Javier Botín
|
0-0: Called Strike 0-1: Swinging Strike 0-2: Strikes out swinging
|
Batting: LHB Tony Wonder
|
0-0: Fly out, F8 (Line Drive, 89D)
|
Batting: RHB Jon Hill
|
0-0: Foul Ball, location: 2F 0-1: Ball 1-1: Ball 2-1: Swinging Strike 2-2: Foul Ball, location: 2F 2-2: Ball 3-2: Hit by Pitch
|
Batting: RHB Ernesto Rivera
|
0-0: Ball 1-0: Foul Ball, location: 2F 1-1: Fly out, F6 (Line Drive, 6)
|
Top of the 3rd over - 0 runs, 0 hits, 0 errors, 1 left on base; Greenport 1 - Orlando 3 |
BOTTOM OF THE 3RD |
Orlando Magic batting - Pitching for Greenport Harbor Whales : LHP Félix Cordero
|
Batting: LHB Bradley Kemp
|
0-0: Called Strike 0-1: Swinging Strike 0-2: Ball 1-2: Ground out 6-3 (Groundball, 6)
|
Batting: RHB Adrián Xirau
|
0-0: Fly out, F8 (Flyball, 8RXD)
|
Batting: LHB Abraham Ruenuitz
|
0-0: Ball 1-0: Foul Ball, location: 2F 1-1: SINGLE (Line Drive, 34)
|
Batting: SHB Borisav Aleksic
|
0-0: Ball 1-0: Swinging Strike 1-1: Ball 2-1: Called Strike 2-2: Ball 3-2: Foul Ball, location: 2F 3-2: Foul Ball, location: 2F 3-2: SINGLE (Flyball, 78M) Abraham Ruenuitz to second Abraham Ruenuitz to third
|
Batting: RHB Benny Hana
|
0-0: Swinging Strike 0-1: SINGLE (Groundball, 6D) Abraham Ruenuitz scores Borisav Aleksic to second
|
Batting: RHB Michael Richardson
|
0-0: Ball 1-0: Called Strike 1-1: Ball 2-1: Called Strike 2-2: Ball 3-2: Base on Balls Borisav Aleksic to third Benny Hana to second
|
Batting: RHB Dan Wilkins
|
0-0: Ball 1-0: Ball 2-0: Ball 3-0: Called Strike 3-1: Called Strike 3-2: Fly out, F8 (Flyball, 78M)
|
Bottom of the 3rd over - 1 run, 3 hits, 0 errors, 3 left on base; Greenport 1 - Orlando 4 |
TOP OF THE 4TH |
Greenport Harbor Whales batting - Pitching for Orlando Magic : LHP Alberto Jaramillo
|
Batting: RHB Jon Walker
|
0-0: Ball 1-0: Ball 2-0: Foul Ball, location: 2F 2-1: Ball 3-1: SINGLE (Line Drive, 56D)
|
Batting: SHB Tobias Werner
|
0-0: Fly out, F3 (Popup, 3S)
|
Batting: LHB Chris Shinners
|
0-0: SINGLE (Line Drive, 6D) Jon Walker to second
|
Batting: LHB Josh Wiggins
|
0-0: Swinging Strike 0-1: Swinging Strike 0-2: Strikes out swinging
|
Batting: LHB Bobby McGrady
|
0-0: Called Strike 0-1: Foul Ball, location: 2F 0-2: Ball 1-2: Foul Ball, location: 2F 1-2: Ball 2-2: Ball 3-2: SINGLE (Groundball, 34D) Jon Walker to third Chris Shinners to second Jon Walker scores Chris Shinners to third
|
Batting: RHB Javier Botín
|
0-0: SINGLE (Flyball, 9LM) Chris Shinners scores Bobby McGrady to second Runner from 2nd tries for 3rd, SAFE, no throw
|
Batting: LHB Tony Wonder
|
0-0: Foul Ball, location: 2F 0-1: Foul Ball, location: 2F 0-2: Ball 1-2: Ground out U3 (Groundball, 3S)
|
Top of the 4th over - 2 runs, 4 hits, 0 errors, 2 left on base; Greenport 3 - Orlando 4 |
BOTTOM OF THE 4TH |
Orlando Magic batting - Pitching for Greenport Harbor Whales : LHP Félix Cordero
|
Batting: RHB Beco Bnard
|
0-0: Ball 1-0: Ball 2-0: Ball 3-0: Called Strike 3-1: Swinging Strike 3-2: SINGLE (Groundball, 6D)
|
Batting: RHB Ted Norman
|
0-0: Foul Ball, location: 2F 0-1: Foul Ball, location: 2F 0-2: Fly out, F8 (Line Drive, 78M)
|
Batting: LHB Bradley Kemp
|
0-0: Grounds into double play, 6-4-3 (Groundball, 6)
|
Bottom of the 4th over - 0 runs, 1 hit, 0 errors, 0 left on base; Greenport 3 - Orlando 4 |
TOP OF THE 5TH |
Greenport Harbor Whales batting - Pitching for Orlando Magic : LHP Alberto Jaramillo
|
Batting: RHB Jon Hill
|
0-0: Ball 1-0: SINGLE (Line Drive, 6D)
|
Batting: RHB Ernesto Rivera
|
0-0: Swinging Strike 0-1: Ball 1-1: Fly out, F5 (Popup, 56)
|
Batting: RHB Jon Walker
|
0-0: Ball 1-0: Ball 2-0: Called Strike 2-1: DOUBLE (Line Drive, 78D) Jon Hill to third Runner from 3rd tries for Home, SAFE, no throw
|
Batting: SHB Tobias Werner
|
0-0: Intentional Walk
|
Batting: LHB Chris Shinners
|
0-0: Ball 1-0: Ball 2-0: Called Strike 2-1: Swinging Strike 2-2: Ball 3-2: Strikes out swinging
|
Batting: LHB Josh Wiggins
|
0-0: Ball 1-0: Fly out, F4 (Line Drive, 4)
|
Top of the 5th over - 1 run, 2 hits, 0 errors, 2 left on base; Greenport 4 - Orlando 4 |
BOTTOM OF THE 5TH |
Orlando Magic batting - Pitching for Greenport Harbor Whales : LHP Félix Cordero
|
Batting: RHB Adrián Xirau
|
0-0: Swinging Strike 0-1: Foul Ball, location: 2F 0-2: Ball 1-2: Ball 2-2: Ground out 4-3 (Groundball, 4)
|
Batting: LHB Abraham Ruenuitz
|
0-0: Called Strike 0-1: Ball 1-1: Ball 2-1: Ball 3-1: Foul Ball, location: 2F 3-2: Foul Ball, location: 2F 3-2: Ground out 3-1 (Groundball, 34S)
|
Batting: SHB Borisav Aleksic
|
0-0: Called Strike 0-1: Called Strike 0-2: Ball 1-2: Foul Ball, location: 2F 1-2: Ground out 4-3 (Groundball, 4S)
|
Bottom of the 5th over - 0 runs, 0 hits, 0 errors, 0 left on base; Greenport 4 - Orlando 4 |
TOP OF THE 6TH |
Greenport Harbor Whales batting - Pitching for Orlando Magic : LHP Alberto Jaramillo
|
Batting: LHB Bobby McGrady
|
0-0: Called Strike 0-1: Foul Ball, location: 2F 0-2: Strikes out swinging
|
Batting: RHB Javier Botín
|
0-0: Swinging Strike 0-1: Foul Ball, location: 2F 0-2: Ball 1-2: Ball 2-2: SINGLE (Line Drive, 6)
|
Batting: LHB Tony Wonder
|
0-0: Ball 1-0: Ball 2-0: Called Strike 2-1: Called Strike 2-2: Strikes out swinging
|
Pitching: RHP Jesús Solís
|
|
Batting: RHB Jon Hill
|
0-0: Called Strike 0-1: Ball 1-1: Ball 2-1: Foul Ball, location: 2F 2-2: Fly out, F8 (Flyball, 8RD)
|
Top of the 6th over - 0 runs, 1 hit, 0 errors, 1 left on base; Greenport 4 - Orlando 4 |
BOTTOM OF THE 6TH |
Orlando Magic batting - Pitching for Greenport Harbor Whales : LHP Félix Cordero
|
Batting: RHB Benny Hana
|
0-0: Ball 1-0: Fly out, F8 (Flyball, 89M)
|
Batting: RHB Michael Richardson
|
0-0: Foul Ball, location: 2F 0-1: Ball 1-1: Swinging Strike 1-2: Ball 2-2: Foul Ball, location: 2F 2-2: Strikes out swinging
|
Batting: RHB Dan Wilkins
|
0-0: Called Strike 0-1: Called Strike 0-2: Ball 1-2: SINGLE (Line Drive, 4MD)
|
Batting: RHB Beco Bnard
|
0-0: Ball 1-0: Ball 2-0: Ball 3-0: Called Strike 3-1: Base on Balls Dan Wilkins to second
|
Batting: RHB Ted Norman
|
0-0: SINGLE (Groundball, 34D) Dan Wilkins to third Beco Bnard to second Runner from 3rd tries for Home, SAFE, throw made home
|
Batting: LHB Bradley Kemp
|
0-0: Foul Ball, location: 2F 0-1: Foul Ball, location: 2F 0-2: Foul Ball, location: 2F 0-2: Strikes out swinging
|
Bottom of the 6th over - 1 run, 2 hits, 0 errors, 2 left on base; Greenport 4 - Orlando 5 |
TOP OF THE 7TH |
Greenport Harbor Whales batting - Pitching for Orlando Magic : RHP Jesús Solís
|
Batting: RHB Ernesto Rivera
|
0-0: Ball 1-0: Foul Ball, location: 2F 1-1: Ball 2-1: Ball 3-1: Base on Balls
|
Batting: RHB Jon Walker
|
0-0: Ball 1-0: SINGLE (Line Drive, 7LS) Ernesto Rivera to second
|
Pinch Runner at 2nd Richard Armitage:
|
|
Batting: SHB Tobias Werner
|
0-0: Swinging Strike 0-1: Ball 1-1: Bunted foul 1-2: Strikes out swinging
|
Batting: LHB Chris Shinners
|
0-0: Foul Ball, location: 2F 0-1: Foul Ball, location: 2F 0-2: Foul Ball, location: 2F 0-2: Ball 1-2: Foul Ball, location: 2F 1-2: Ball 2-2: Strikes out swinging
|
Batting: LHB Josh Wiggins
|
0-0: Ball 1-0: Ball 2-0: Ground out 6-3 (Groundball, 6MS)
|
Top of the 7th over - 0 runs, 1 hit, 0 errors, 2 left on base; Greenport 4 - Orlando 5 |
BOTTOM OF THE 7TH |
Orlando Magic batting - Pitching for Greenport Harbor Whales : LHP Félix Cordero
|
Now at 2B: Richard Armitage
|
|
Batting: RHB Adrián Xirau
|
0-0: Ball 1-0: Called Strike 1-1: Fly out, F8 (Flyball, 8RM)
|
Batting: LHB Abraham Ruenuitz
|
0-0: Ball 1-0: Ball 2-0: Called Strike 2-1: Called Strike 2-2: Foul Ball, location: 2F 2-2: Foul Ball, location: 2F 2-2: Strikes out looking
|
Batting: SHB Borisav Aleksic
|
0-0: Ball 1-0: Foul Ball, location: 2F 1-1: Ball 2-1: Ball 3-1: Fly out, F3 (Popup, 3S)
|
Bottom of the 7th over - 0 runs, 0 hits, 0 errors, 0 left on base; Greenport 4 - Orlando 5 |
TOP OF THE 8TH |
Greenport Harbor Whales batting - Pitching for Orlando Magic : RHP Jesús Solís
|
Now at 2B: Jimmy Wilcox
|
|
Batting: LHB Bobby McGrady
|
0-0: Called Strike 0-1: Foul Ball, location: 2F 0-2: Foul Ball, location: 2F 0-2: Ball 1-2: Ball 2-2: Strikes out swinging, 2-3 out at first.
|
Batting: RHB Javier Botín
|
0-0: Called Strike 0-1: Ball 1-1: Foul Ball, location: 2F 1-2: Ball 2-2: Foul Ball, location: 2F 2-2: Strikes out swinging
|
Batting: LHB Tony Wonder
|
0-0: Fly out, F6 (Popup, 6M)
|
Top of the 8th over - 0 runs, 0 hits, 0 errors, 0 left on base; Greenport 4 - Orlando 5 |
BOTTOM OF THE 8TH |
Orlando Magic batting - Pitching for Greenport Harbor Whales : LHP Félix Cordero
|
Batting: RHB Benny Hana
|
0-0: Called Strike 0-1: Foul Ball, location: 2F 0-2: Foul Ball, location: 2F 0-2: Fly out, F8 (Flyball, 8RM)
|
Batting: RHB Michael Richardson
|
0-0: Ball 1-0: Ball 2-0: Ball 3-0: Called Strike 3-1: Foul Ball, location: 2F 3-2: Foul Ball, location: 2F 3-2: Base on Balls
|
Batting: RHB Dan Wilkins
|
0-0: Ball Wild Pitch! Michael Richardson to second 1-0: Ball 2-0: Ground out U3 (Groundball, 34S) Michael Richardson to third
|
Batting: RHB Beco Bnard
|
0-0: Ball 1-0: Foul Ball, location: 2F 1-1: Ball 2-1: Called Strike 2-2: Ball 3-2: Ground out 5-3 (Groundball, 56)
|
Bottom of the 8th over - 0 runs, 0 hits, 0 errors, 1 left on base; Greenport 4 - Orlando 5 |
TOP OF THE 9TH |
Greenport Harbor Whales batting - Pitching for Orlando Magic : RHP Jesús Solís
|
Pitching: RHP Rodrigo Durán
|
|
Batting: RHB Jon Hill
|
0-0: Swinging Strike 0-1: Foul Ball, location: 2F 0-2: Foul Ball, location: 2F 0-2: Ball 1-2: Ball 2-2: Strikes out swinging, 2-3 out at first.
|
Pinch Hitting: RHB Greg Ge
|
0-0: Foul Ball, location: 2F 0-1: Ball 1-1: SINGLE (Groundball, 6S) (infield hit)
|
Batting: RHB Jon Walker
|
0-0: Fly out, F7 (Flyball, 7)
|
Batting: SHB Tobias Werner
|
0-0: Called Strike 0-1: Foul Ball, location: 2F 0-2: Strikes out swinging
|
Top of the 9th over - 0 runs, 1 hit, 0 errors, 1 left on base; Greenport 4 - Orlando 5 |
|